 Dungeon Crawl Stone Soup version 0.26.1-2-gb8aa6d0cf2 (console) character file.

Game seed: 18380943486351639680

2806 om the Blocker (level 9, -2/75 HPs)
             Began as a Minotaur Fighter on Feb 24, 2021.
             Slain by a vampire mosquito (10 damage)
             ... on level 7 of the Dungeon.
             The game lasted 00:17:09 (6724 turns).

om the Blocker (Minotaur Fighter)                   Turns: 6724, Time: 00:17:09

Health: -2/75      AC:  9    Str: 21    XL:     9   Next: 44%
Magic:  8/8        EV: 13    Int:  5    God:
Gold:   475        SH: 11    Dex: 13    Spells: 8/8 levels left

rFire    . . .     SeeInvis .   a - +0 war axe
rCold    . . .     Faith    .   c - +0 kite shield
rNeg     . . .     Spirit   .   i - +0 acid dragon scales
rPois    .         Reflect  .   d - +0 hat
rElec    .         Harm     .   g - +0 cloak
rCorr    +         Rampage  .   (no gloves)
Will     .....                  (no boots)
Stlth    +.........             (no amulet)
HPRegen  0.22/turn              (no ring)
MPRegen  0.11/turn              (no ring)

@: about to teleport
A: retaliatory headbutt, horns 2
a: no special abilities


You were on level 7 of the Dungeon.
You visited 1 branch of the dungeon, and saw 7 of its levels.

You collected 475 gold pieces.

Inventory:

Hand Weapons
 a - a +0 war axe (weapon)
Armour
 c - a +0 kite shield (worn)
 d - a +0 hat (worn)
 g - a +0 cloak (worn)
 i - +0 acid dragon scales (worn)
 l - a +0 chain mail
Jewellery
 z - an uncursed ring of ice
Wands
 p - a wand of flame (7)
 s - a wand of enslavement (10)
 u - a wand of iceblast (10)
Scrolls
 b - 3 scrolls of magic mapping
 e - a scroll of immolation {unknown}
 j - 2 scrolls of teleportation
 n - a scroll of blinking
 q - 3 scrolls of remove curse
 w - a scroll of summoning {unknown}
 x - 2 scrolls of fog {unknown}
 y - a scroll of amnesia {unknown}
 A - a scroll of noise {unknown}
Potions
 f - 2 potions of attraction {unknown}
 h - a potion of resistance
 k - a potion of degeneration
 m - 4 potions of curing
 o - a potion of mutation
 r - 3 potions of flight
 t - 3 potions of haste {unknown}
 v - 2 potions of lignification {unknown}
 B - a potion of magic {unknown}


   Skills:
 + Level 6.2 Fighting
 - Level 8.0 Axes
 + Level 8.1 Armour
 + Level 6.5 Dodging
 + Level 8.2 Shields


You had 8 spell levels left.
You didn't know any spells.
Your spell library contained the following spells:

 Spells                   Type           Power        Failure   Level
 Beastly Appendage        Tmut           0%           85%         1
 Sandblast                Erth           0%           85%         1
 Passwall                 Tmut/Erth      0%           94%         2
 Wereblood                Tmut           0%           94%         2
 Spider Form              Tmut/Pois      0%           99%         3
 Stone Arrow              Conj/Erth      0%           99%         3
 Ice Form                 Ice/Tmut       0%           100%        4
 Petrify                  Tmut/Erth      0%           100%        4
 Blade Hands              Tmut           0%           100%        5
 Lee's Rapid Deconstruct  Erth           0%           100%        5


Dungeon Overview and Level Annotations

Branches:
Dungeon (7/15)
 Temple: D:4-7

Altars:
Ashenzari
Cheibriados
Qazlal
Trog
Xom
Yredelemnul

Shops:
D:4 (

Annotations:
D:7 2 transporters, Calibrex's ghost, novice DsGl


Innate Abilities, Weirdness & Mutations

You reflexively headbutt those who attack you in melee.
You have a pair of horns on your head.


Message History

You closely miss the vampire mosquito.
The vampire mosquito is lightly damaged.
The vampire mosquito bites you.
* * * LOW HITPOINT WARNING * * *
The vampire mosquito draws strength from your injuries!
The vampire mosquito bites you.
* * * LOW HITPOINT WARNING * * *
The vampire mosquito draws strength from your injuries!
Your shield prevents you from hitting the vampire mosquito.
The vampire mosquito is lightly damaged.
The vampire mosquito completely misses you.
The vampire mosquito bites you.
* * * LOW HITPOINT WARNING * * *
The vampire mosquito draws strength from your injuries!
Okay, then.
As you read the scroll of teleportation, it crumbles to dust.
You feel strangely unstable.
You block the vampire mosquito's attack.
The vampire mosquito bites you!
You die...

##.#.##.................
#.#.#.#..###.#.#.#......
##.#.#.##.###.#.#.##..###
#.#.#.#.#..##.#.#.##..#
#.#.#.#.##....#.#.##..#
.#.#.#.#.#......#.##..###
#.#.#.#.##..#..#.#....).
########.##.........<###
#..#..#.#.#..##..
#####.##.#.#.#..##.#
#†.@y#.#.....#..#
#.####)##....#..# #:}"##
#...#....#..# #|#|
##..###.#.#..##+# # )|
#...#.#.......... #.#
##.#...##...#...). #.
#.......# ...... #.
##....##.## ...... #.
#..#..##..#....####
#..#....#.#....# ##
###########....# #[


You could see a vampire mosquito.

Vanquished Creatures
  Maggie (D:7)
  Sigmund (D:3)
  A steam dragon (D:7)
  Edmund (D:6)
  Duvessa (D:6)
  An orc warrior (D:7)
  A black bear (D:7)
  An ice beast (D:7)
  A phantom (D:5)
  2 ogres (D:4)
  A big kobold (D:3)
  A bullfrog (D:7)
  Dowan (D:6)
  2 scorpions (D:5)
  4 killer bees (D:7)
  2 jellies (D:5)
  A bullfrog zombie (D:7)
  4 hounds
  3 orc priests
  A centaur skeleton (D:5)
  3 orc wizards
  4 iguanas
  Ijyb (D:3)
  Terence (D:3)
  7 worker ants
  8 gnolls
  8 adders
  2 white imps
  2 oozes
  2 worms
  A dart slug (D:1)
  24 orcs
  A ball python (D:1)
  3 bats
  6 giant cockroaches
  5 hobgoblins
  4 quokkas
  A ball python skeleton (D:5)
  6 frilled lizards
  A giant cockroach zombie (D:5)
  5 goblins
  6 kobolds
  7 rats
139 creatures vanquished.

Vanquished Creatures (collateral kills)
  A quokka zombie (D:7)
1 creature vanquished.

Grand Total: 140 creatures vanquished

Notes
Turn   | Place    | Note
-------+----------+-------------------------------------------
     0 | D:1      | om the Minotaur Fighter began the quest for the Orb.
     0 | D:1      | Reached XP level 1. HP: 19/19 MP: 0/0
   223 | D:1      | Reached XP level 2. HP: 25/27 MP: 1/1
   807 | D:2      | Reached skill level 1 in Dodging
  1131 | D:2      | Reached XP level 3. HP: 33/33 MP: 2/2
  1147 | D:2      | Found a shimmering altar of Xom.
  1149 | D:2      | Found a shimmering altar of Xom.
  1149 | D:2      | Found a shimmering altar of Xom.
  1151 | D:2      | Found a shimmering altar of Xom.
  1402 | D:2      | Found a faded altar of an unknown god.
  2009 | D:3      | Noticed Ijyb
  2018 | D:3      | Killed Ijyb
  2019 | D:3      | Reached XP level 4. HP: 30/40 MP: 3/3
  2297 | D:3      | Reached XP level 5. HP: 37/46 MP: 4/4
  2491 | D:3      | Reached skill level 5 in Axes
  2491 | D:3      | Reached XP level 6. HP: 30/52 MP: 5/5
  2789 | D:3      | Noticed Terence
  2797 | D:3      | Killed Terence
  3098 | D:3      | Noticed Sigmund
  3104 | D:3      | Killed Sigmund
  3105 | D:3      | Reached skill level 5 in Armour
  3105 | D:3      | Reached skill level 5 in Shields
  3178 | D:4      | Reached XP level 7. HP: 59/59 MP: 6/6
  4134 | D:4      | Found Ahaikhla's Weapon Boutique.
  4418 | D:5      | Entered Level 5 of the Dungeon
  4522 | D:5      | Reached XP level 8. HP: 66/66 MP: 7/7
  4788 | D:5      | Reached skill level 5 in Dodging
  5149 | D:6      | Noticed Edmund
  5154 | D:6      | Noticed Duvessa
  5160 | D:6      | Noticed Dowan
  5162 | D:6      | Killed Edmund
  5174 | D:6      | Killed Duvessa
  5180 | D:6      | Killed Dowan
  5471 | D:6      | Found a basalt altar of Yredelemnul.
  5471 | D:6      | Found a bloodstained altar of Trog.
  5479 | D:6      | Found a snail-covered altar of Cheibriados.
  5482 | D:6      | Found a stormy altar of Qazlal.
  5483 | D:6      | Found a broken altar of Ashenzari.
  5718 | D:6      | Reached skill level 5 in Fighting
  5771 | D:7      | Noticed Maggie
  5788 | D:7      | Killed Maggie
  5789 | D:7      | Reached XP level 9. HP: 10/74 MP: 8/8
  6266 | D:7      | Found a transporter.
  6266 | D:7      | Found a transporter.
  6269 | D:7      | Noticed Calibrex's ghost (novice DsGl)
  6269 | D:7      | Noticed a queen bee
  6724 | D:7      | Slain by a vampire mosquito

Illustrated notes

Levels and vault maps discovered:
D:1:      dpeg_arrival_arbitrary_b, layout_basic
D:2:      layout_loops_ring, xom_redecorated, chequers_ecumenical_altar_simple
D:3:      layout_loops_ring, uniq_sigmund, uniq_crazy_yiuf_cottage, uniq_ijyb,
          uniq_terence
D:4:      layout_basic, serial_shops,
          nicolae_shop_temple_entry_statues_fountains,
          chequers_serial_rivers_micro_d
D:5:      layout_rooms, serial_curves, eino_curves_01, eino_curves_02
D:6:      layout_rooms, chequers_temple_overflow_minitemple, minivault_23,
          uniq_duvessa, uniq_edmund
D:7:      minmay_the_grid_triangle_9x9_recursive_2
          [minmay_the_grid_triangle_9x9_prize_center,
          minmay_the_grid_triangle_9x9_skeleton,
          minmay_the_grid_triangle_9x9_swiss_cheese,
          minmay_the_grid_triangle_9x9_stretched_checkered], layout_basic,
          temple_fountains, basic_altar, gammafunk_ghost_hive, uniq_joseph,
          uniq_maggie

Skill      XL: |  1  2  3  4  5  6  7  8  9 |
---------------+----------------------------+-----
Axes           | 3 4 5 6 7 8 |  8.0
Dodging        | 1 2 3 4 5 6 |  6.5
Fighting       | 4 5 6 |  6.2
Armour         | 4 5 6 7 8 |  8.1
Shields        | 4 5 6 7 8 |  8.2

Action                   |  1- 3 |  4- 6 |  7- 9 || total
-------------------------+-------+-------+-------++-------
Melee: War axe           |    92 |    67 |   317 ||   476
       Headbutt          |     9 |    10 |    53 ||    72
Evoke: Wand              |       |       |     6 ||     6
  Use: Potion            |       |     1 |     3 ||     4
       Scroll            |       |       |    12 ||    12
Armor: Scale mail        |    19 |       |       ||    19
       Chain mail        |    20 |    29 |    73 ||   122
       Acid dragon scale |       |       |    29 ||    29
Dodge: Dodged            |    27 |    21 |   110 ||   158
Block: Kite shield       |    46 |    36 |   204 ||   286
